 Dungeon Crawl Stone Soup version 0.30-b1-2-g02819fbbbe (webtiles) character file.

Game seed: 9050638718641258710

7896 HoaS the Marksdemigod (level 10, -2/73 HPs)
             Began as a Demigod Hunter on May 17, 2023.
             Slain by a wraith (5 damage)
             ... led by Josephine
             ... on level 9 of the Dungeon on May 19, 2023.
             The game lasted 00:18:59 (8132 turns).

HoaS the Marksdemigod (Demigod Hunter)              Turns: 8132, Time: 00:19:00

Health: -2/73      AC:  7    Str: 12    XL:     10   Next: 72%
Magic:  13/13      EV: 12    Int: 11    God:
Gold:   434        SH:  0    Dex: 29    Spells: 9/9 levels left

rFire   . . .        s - +1 arbalest
rCold   + . .        (shield currently unavailable)
rNeg    . . .        c - +0 leather armour
rPois   .            (no helmet)
rElec   .            l - +1 cloak
rCorr   .            n - +1 pair of gloves
SInv    .            (no boots)
Will    ++...        t - amulet of regeneration
Stlth   ++           e - ring of protection from cold
HPRegen 1.12/turn    r - ring of willpower
MPRegen 0.13/turn

%: no passive effects
@: about to teleport, slowed, very slow
A: high MP 1, forlorn, divine attributes
a: no special abilities


You were on level 9 of the Dungeon.
You visited 1 branch of the dungeon, and saw 12 of its levels.

You collected 533 gold pieces.
You spent 99 gold pieces at shops.

Inventory:

Hand Weapons
 s - a +1 arbalest (weapon)
Armour
 c - a +0 leather armour (worn)
 l - a +1 cloak (worn)
 n - a +1 pair of gloves (worn)
Jewellery
 a - a ring of ice
 e - a ring of protection from cold (left hand)
 r - a ring of willpower (right hand)
 t - an amulet of regeneration (around neck)
Wands
 g - a wand of digging (6)
 j - a wand of roots (2)
 v - a wand of acid (10)
 x - a wand of paralysis (6)
Scrolls
 b - 3 scrolls of immolation
 p - 2 scrolls of teleportation
 w - a scroll of blinking
Potions
 d - 2 potions of mutation
 h - 2 potions of invisibility
 i - a potion of flight
 k - 5 potions of curing
 m - a potion of ambrosia
 o - 4 potions of attraction
 q - a potion of haste {unknown}
 u - a potion of magic {unknown}
 z - a potion of resistance {unknown}
 A - a potion of heal wounds


   Skills:
 - Level 1.7 Fighting
 * Level 15.7 Ranged Weapons
 - Level 1.7 Dodging
 - Level 0.8 Stealth


You had 9 spell levels left.
You didn't know any spells.
Your spell library contained the following spells:

 Spells                   Type           Power      Damage    Failure   Level
 Apportation              Tloc           0%         N/A       41%         1
 Necrotise                Necr           0%         1d4       41%         1
 Sandblast                Erth           0%         2d4       41%         1
 Summon Small Mammal      Summ           0%         N/A       41%         1
 Passwall                 Tmut/Erth      0%         N/A       56%         2
 Call Canine Familiar     Summ           0%         N/A       80%         3
 Portal Projectile        Hex/Tloc       0%         N/A       80%         3
 Stone Arrow              Conj/Erth      0%         3d7       80%         3
 Leda's Liquefaction      Hex/Erth       0%         N/A       99%         4


Dungeon Overview and Level Annotations

Branches:
Dungeon (12/15)            Temple (0/1) D:4
   Lair: D:8-11         Orc: D:9-12

Shops:
D:3 [


Innate Abilities, Weirdness & Mutations

You have an increased reservoir of magic. (+10% MP)
You shall have no god before yourself.
Your divine heritage dramatically boosts your attributes as you level up.


Message History

The wraith hits you but does no damage. The wraith closely misses you.
The wraith hits you. The wraith drains your vigour!
You feel as though you will be slow longer.
The wraith hits you! The wraith drains your vigour!
You feel as though you will be slow longer.
You shoot a bolt. The bolt completely misses the wraith.
The wraith hits you but does no damage. x3; The wraith hits you.
The wraith drains your vigour!
You feel as though you will be slow longer.
You shoot a bolt. The bolt hits the wraith.
The wraith is lightly damaged.
The wraith hits you but does no damage. The wraith misses you.
You shoot a bolt. The bolt hits the wraith.
The wraith is moderately damaged.
The wraith hits you but does no damage. The wraith hits you!
* * * LOW HITPOINT WARNING * * *
The wraith drains your vigour!
You feel as though you will be slow longer.
The wraith closely misses you. The wraith barely misses you.
As you read the scroll of teleportation, it crumbles to dust.
You feel strangely unstable. The wraith hits you!
* * * LOW HITPOINT WARNING * * *
The wraith drains your vigour!
You feel as though you will be slow longer.
The wraith hits you.
* * * LOW HITPOINT WARNING * * *
The wraith drains your vigour!
You feel as though you will be slow longer.
The wraith barely misses you. The wraith closely misses you.
The wraith attacks as you move away! The wraith hits you!
* * * LOW HITPOINT WARNING * * *
The wraith drains your vigour!
You feel as though you will be slow longer.
The wraith attacks as you move away! The wraith closely misses you.
The wraith attacks as you move away! The wraith hits you.
* * * LOW HITPOINT WARNING * * *
The wraith drains your vigour!
You feel as though you will be slow longer.
The wraith hits you but does no damage. The wraith hits you.
You die...

#######################
#.........##....[......
#.........##...........
#......................
#.)........#...........
#....W<....#...........
#...>W@....#...........
#.........#####.#######
#.........# #.##
###.####### #..# #...#
##.#### ######'#####
#....#
#..........#########'###
#..........##..........#
#..........##.[>.......#


You could see 2 wraiths.

Vanquished Creatures
  Josephine (D:10)
  Nergalle (D:10)
  Joseph (D:8)
  A hornet (D:7)
  3 trolls
  Prince Ribbit (D:7)
  A shadow (D:9)
  A wyvern (D:8)
  4 wraiths
  A human (D:5)
  9 yaks
  A vampire mosquito (D:12)
  3 water moccasins
  Duvessa (D:7)
  An orc warrior (D:9)
  A centaur (D:5)
  A wolf (D:11)
  3 bullfrogs
  13 wights
  Dowan (D:7)
  8 killer bees
  2 electric eels (D:8)
  3 howler monkeys
  4 hounds
  Crazy Yiuf (D:3)
  3 orc priests
  An iguana (D:5)
  8 orc wizards
  8 gnolls
  11 adders
  2 white imps
  2 ufetubi
  2 worms
  A dart slug (D:5)
  26 orcs
  4 bats (D:1)
  9 endoplasms
  9 giant cockroaches
  8 goblins
  8 hobgoblins
  13 jackals
  4 kobolds
  A quokka (D:1)
  13 ball pythons
  4 frilled lizards
  A jackal skeleton (D:5)
  A kobold skeleton (D:5)
  4 rats
210 creatures vanquished.

Vanquished Creatures (others)
  A killer bee (D:8)
  3 bushes (D:11)
  3 fungi (D:11)
  15 plants (D:11)
22 creatures vanquished.

Grand Total: 232 creatures vanquished

Notes
Turn   | Place    | Note
-------+----------+-------------------------------------------
     0 | D:1      | HoaS the Demigod Hunter began the quest for the Orb.
     0 | D:1      | Reached XP level 1. HP: 17/17 MP: 3/3
    67 | D:1      | Reached skill level 4 in Ranged Weapons
    69 | D:1      | Reached XP level 2. HP: 17/24 MP: 4/4
   302 | D:1      | Reached XP level 3. HP: 29/29 MP: 5/5
  1052 | D:2      | Reached skill level 5 in Ranged Weapons
  1579 | D:3      | Reached XP level 4. HP: 31/36 MP: 6/6
  1637 | D:3      | Found Urhecuck's Antique Armour Shoppe.
  1648 | D:3      | Bought a pair of gloves for 99 gold pieces
  1923 | D:3      | Found a runed translucent door.
  1924 | D:3      | Noticed Crazy Yiuf
  2174 | D:3      | Killed Crazy Yiuf
  2416 | D:4      | Reached skill level 6 in Ranged Weapons
  2416 | D:4      | Reached XP level 5. HP: 24/41 MP: 7/7
  3066 | D:4      | Found a staircase to the Ecumenical Temple.
  3183 | D:5      | Entered Level 5 of the Dungeon
  3183 | D:5      | Noticed a water moccasin
  3242 | D:5      | Reached XP level 6. HP: 48/48 MP: 8/8
  3268 | D:5      | Reached skill level 7 in Ranged Weapons
  3339 | D:5      | Killed a water moccasin
  3383 | D:5      | Found a runed translucent door.
  3383 | D:5      | Noticed a human
  3440 | D:5      | Reached skill level 8 in Ranged Weapons
  3440 | D:5      | Reached XP level 7. HP: 48/53 MP: 9/9
  3474 | D:5      | Killed a human
  3976 | D:6      | Reached skill level 9 in Ranged Weapons
  4032 | D:6      | Noticed Prince Ribbit
  4051 | D:7      | Killed Prince Ribbit
  4200 | D:6      | Reached XP level 8. HP: 60/60 MP: 10/10
  4516 | D:7      | Noticed a hornet
  4555 | D:7      | Noticed a hornet
  4557 | D:7      | Paralysed by a hornet for 3 turns
  4688 | D:7      | Reached skill level 10 in Ranged Weapons
  4774 | D:7      | Reached skill level 11 in Ranged Weapons
  4871 | D:7      | Noticed Dowan
  5052 | D:8      | Noticed Joseph
  5066 | D:8      | Killed Joseph
  5067 | D:8      | Reached XP level 9. HP: 18/67 MP: 11/11
  5122 | D:8      | Reached skill level 12 in Ranged Weapons
  5929 | D:7      | Noticed Duvessa
  5933 | D:7      | Killed Duvessa
  5936 | D:7      | Killed Dowan
  5937 | D:7      | Reached skill level 13 in Ranged Weapons
  6689 | D:9      | Reached skill level 14 in Ranged Weapons
  6697 | D:9      | Reached XP level 10. HP: 36/73 MP: 13/13
  7203 | D:10     | Entered Level 10 of the Dungeon
  7205 | D:10     | Noticed Josephine
  7294 | D:10     | Noticed a two-headed ogre
  7294 | D:10     | You fall into a shaft and drop 2 floors!
  7587 | D:10     | Reached skill level 15 in Ranged Weapons
  7655 | D:10     | Noticed Nergalle
  7992 | D:10     | Killed Nergalle
  8114 | D:10     | Killed Josephine
  8132 | D:9      | HP: 2/73 [wraith[Josephine] (4)]
  8132 | D:9      | Slain by a wraith

Illustrated notes

Levels and vault maps discovered:
D:1:      sevenhm_arrival_forest_fort_small_3, layout_rooms, minmay_hedge_maze,
          minivault_24, minivault_11, serial_bayou_crossing
D:2:      layout_basic, corexii_shack, minmay_shallow_snake_nest
D:3:      layout_basic, lemuel_tele_altar,
          mainiacjoe_overflow_concentric_impassable, serial_shops, shop,
          uniq_crazy_yiuf_cottage
D:4:      layout_basic, minmay_temple_entry_fiery,
          nicolae_kite_square_tiling_tiny
D:5:      layout_rooms, fedhas_altar_1, dk_yredelemnul_ordeal,
          kennysheep_mini_moat, nicolae_eternal_life
D:6:      layout_rooms, lemuel_coloured_pillars_altar, uniq_prince_ribbit1
D:7:      layout_basic, uniq_duvessa
D:8:      layout_basic, lemuel_round_altar, minivault_4, uniq_joseph
D:9:      layout_roguey
D:10:     layout_cross, orc_david_3, minmay_misc_feat_alley, uniq_josephine,
          uniq_nergalle
D:11:     layout_roguey, minmay_lair_entry_grove, special_room
          [special_room_bee], chequers_serial_rivers_micro_c, slow_altar_2
D:12:     minmay_distorted_concentric_squares, layout_loops_cross, led_sif_pool

Skill      XL: |  1  2  3  4  5  6  7  8  9 10 |
---------------+-------------------------------+-----
Ranged Weapons | 4 5 6 8 9 11 14 15 | 15.7
Fighting       | |  1.7
Dodging        | |  1.7
Stealth        | |  0.8

Action                     |  1- 3 |  4- 6 |  7- 9 | 10-12 || total
---------------------------+-------+-------+-------+-------++-------
  Melee: Unarmed           |       |     4 |       |    20 ||    24
   Fire: Shortbow          |   124 |   176 |   310 |     3 ||   613
         Arbalest          |       |       |       |   111 ||   111
    Use: Scroll            |     6 |     7 |    10 |     9 ||    32
         Potion            |       |     1 |     4 |     3 ||     8
 Armour: Leather armour    |    15 |    17 |    36 |    39 ||   107
         Skin              |       |     1 |       |    30 ||    31
  Dodge: Dodged            |    48 |    49 |    97 |    77 ||   271
